 Dungeon Crawl Stone Soup version 0.19-a0-1896-g611e798 (webtiles) character file.

9163 Naow the Commander (level 11, -10/86 HPs)
             Began as a Formicid Fighter on Oct 19, 2016.
             Was a High Priest of Okawaru.
             Mangled by a small abomination (16 damage)
             ... on level 9 of the Dungeon.
             The game lasted 00:19:50 (9327 turns).

Naow the Commander (Formicid Fighter)               Turns: 9327, Time: 00:19:50

Health: -10/86     AC: 15    Str: 29    XL:     11   Next: 69%
Magic:  20/20      EV:  9    Int:  8    God:    Okawaru [*****.]
Gold:   439        SH: 12    Dex: 10    Spells: 0 memorised, 10 levels left

rFire  . . .     SeeInvis +     K - +0 battleaxe
rCold  . . .     Gourm    .     E - +1 plate armour
rNeg   . . .     Faith    +     c - +0 shield
rPois  .         Spirit   .     (helmet unavailable)
rElec  .         Reflect  .     (no cloak)
rCorr  .         Harm     .     p - +0 pair of gloves
MR     +....                    (no boots)
Stlth  ..........               w - amulet of faith
                                s - +2 ring of evasion
                                (no ring)

@: mighty, finesse
A: permanent stasis, dig shafts and tunnels, four strong arms, antennae 3
a: Dig, Shaft Self, Heroism, Finesse, Renounce Religion


You were on level 9 of the Dungeon.
You worshipped Okawaru.
Okawaru was extremely pleased with you.
You were near starving.

You visited 1 branch of the dungeon, and saw 10 of its levels.

You collected 514 gold pieces.
You spent 75 gold pieces at shops.

Inventory:

Hand Weapons
 K - a +0 battleaxe (weapon)
Armour
 c - a +0 shield (worn)
 p - a +0 pair of gloves (worn)
 E - a +1 plate armour (worn)
Jewellery
 s - a +2 ring of evasion (right hand)
 w - an amulet of faith (around neck)
 N - an uncursed amulet of rage {unknown}
Wands
 a - a wand of flame (27/48)
 i - a wand of polymorph (2/24)
 l - a wand of lightning (5/15)
 v - a wand of polymorph (12/24)
 C - a wand of flame (48/48)
 F - a wand of iceblast (5/15)
 G - a wand of random effects (39/48)
 L - a wand of polymorph (6/24)
 O - a wand of enslavement (8/24)
 R - a wand of paralysis (14/24)
 V - a wand of slowing (29/48)
 Z - a wand of confusion (22/48)
Scrolls
 m - 6 scrolls of remove curse
 o - 3 scrolls of identify
 q - 4 scrolls of enchant weapon
 u - 8 scrolls of amnesia
 y - 2 scrolls of blinking
 J - a scroll of noise
 P - a scroll of enchant armour
Potions
 e - 4 potions of flight
 j - a potion of cancellation {unknown}
 k - 2 potions of brilliance {unknown}
 x - 4 potions of haste {unknown}
 z - 2 potions of agility {unknown}
 A - a potion of berserk rage {unknown}
 B - a potion of degeneration {unknown}
 D - 2 potions of lignification {unknown}
 H - 2 potions of mutation {unknown}
 M - a potion of magic {unknown}
Books
 b - a book of Minor Magic

   Spells                             Type                      Level
   a - Magic Dart                     Conjuration                  1
   b - Blink                          Translocation                2
   c - Call Imp                       Summoning                    2
   d - Repel Missiles                 Charms/Air                   2
   e - Slow                           Hexes                        2
   f - Conjure Flame                  Conjuration/Fire             3
   g - Mephitic Cloud                 Conjuration/Poison/Air       3
 W - a book of Callings

   Spells                             Type                      Level
   a - Summon Small Mammal            Summoning                    1
   b - Call Imp                       Summoning                    2
   c - Call Canine Familiar           Summoning                    3
   d - Summon Guardian Golem          Hexes/Summoning              3
   e - Summon Lightning Spire         Summoning/Air                4
   f - Summon Ice Beast               Ice/Summoning                4
 X - a book of Air

   Spells                             Type                      Level
   a - Shock                          Conjuration/Air              1
   b - Swiftness                      Charms/Air                   2
   c - Repel Missiles                 Charms/Air                   2
   d - Static Discharge               Conjuration/Air              3
   e - Lightning Bolt                 Conjuration/Air              5
Comestibles
 f - 6 bread rations
 h - a fruit
 t - 6 meat rations
 I - 3 royal jellies
 T - 2 beef jerkies


   Skills:
 + Level 7.8 Fighting
 * Level 9.2 Axes
 + Level 7.7 Armour
 + Level 8.4 Shields
 - Level 12.0 Invocations


You had 10 spell levels left.
You didn't know any spells.

Dungeon Overview and Level Annotations

Branches:
Dungeon (10/15)            Temple (0/1) D:4            Lair (0/6) D:9
    Orc: D:9-12

Altars:
Fedhas
Okawaru
Ru
Uskayaw
Vehumet
Yredelemnul

Shops:
D:4 %=[   D:7 !(


Innate Abilities, Weirdness & Mutations

You are under a permanent stasis effect.
You can dig through walls and to a lower floor.
Your four strong arms can wield two-handed weapons with a shield.
You have a pair of large antennae on your head. (SInv)


Message History

* * * LOW HITPOINT WARNING * * *
There is an open door here.
You block the small abomination's attack.
The small abomination hits you but does no damage.
You feel like a meek peon again.
There is a stone staircase leading up here.
You block the small abomination's attack.
You climb upwards.
There is a stone staircase leading down here.
Okay, then.
You are too injured to fight recklessly!
You are too injured to fight recklessly!
Your plate armour prevents you from hitting the small abomination.
The small abomination is heavily damaged.
The small abomination hits you.
* * * LOW HITPOINT WARNING * * *
Your plate armour prevents you from hitting the small abomination.
The small abomination is heavily damaged.
The small abomination hits you!
You die...

......######...............#####.
.........#.................###...
.........#........#..............
.........#.......................
.................................
^................................
.................................
....<.......)....................
................@................
>................x...............
.................................
...........[[....................
.................................
.................................
.................................
.................#...............
..............####...............


You could see a small abomination.

Vanquished Creatures
  The ghost of Naow the Warmonger, a novice FoFi of Okawaru (D:8)
  A wizard (D:10)
  2 deep elf magi (D:9)
  A komodo dragon (D:9)
  A troll (D:9)
  A large abomination (D:10)
  A spriggan (D:9)
  6 yaks (D:9)
  Eustachio (D:6)
  4 vampire mosquitoes (D:8)
  2 porcupines (D:9)
  3 orc warriors
  2 sky beasts
  A swamp drake (D:9)
  2 ice beasts
  7 centaurs
  An ogre (D:8)
  4 small abominations (D:10)
  A necrophage (D:9)
  3 crocodiles (D:9)
  A big kobold (D:7)
  2 bullfrogs
  A water moccasin zombie (D:10)
  A scorpion (D:5)
  A water moccasin skeleton (D:5)
  6 killer bees (D:8)
  8 wights (D:7)
  A howler monkey (D:6)
  6 crimson imps
  A bullfrog zombie (D:8)
  4 hounds
  4 jellies
  4 bullfrog skeletons
  A gnoll shaman (D:8)
  6 orc priests
  6 orc wizards
  5 iguanas
  An iron imp (D:9)
  Terence (D:2)
  7 worker ants
  A hell rat (D:9)
  A worker ant zombie (D:6)
  8 gnolls
  A howler monkey skeleton (D:7)
  A river rat (D:9)
  10 adders
  3 shadow imps
  A white imp (D:9)
  3 oozes
  An adder zombie (D:9)
  An adder skeleton (D:4)
  A worm (D:2)
  3 dart slugs (D:2)
  6 leopard geckos
  30 orcs
  7 bats
  A giant cockroach (D:4)
  12 goblins
  10 hobgoblins
  15 jackals
  12 kobolds
  8 quokkas
  A ball python (D:3)
  5 frilled lizards
  A leopard gecko skeleton (D:5)
  8 rats
263 creatures vanquished.

Vanquished Creatures (others)
  An orc (D:9)
1 creature vanquished.

Grand Total: 264 creatures vanquished

Notes
Turn   | Place    | Note
-------+----------+-------------------------------------------
     0 | D:1      | Naow the Formicid Fighter began the quest for the Orb.
     0 | D:1      | Reached XP level 1. HP: 18/18 MP: 1/1
     0 | D:1      | Noticed a dwarf
     4 | D:1      | Noticed a ghoul
     6 | D:1      | Noticed a troll
     9 | D:1      | Noticed a felid
    11 | D:1      | Noticed a minotaur
    11 | D:1      | Noticed a minotaur
    13 | D:1      | Noticed a centaur
    15 | D:1      | Noticed a spriggan
    15 | D:1      | Noticed a gargoyle
    17 | D:1      | Noticed a human
    19 | D:1      | Noticed a spriggan
    19 | D:1      | Noticed a gargoyle
   173 | D:1      | Reached XP level 2. HP: 24/24 MP: 2/2
   560 | D:1      | Reached XP level 3. HP: 28/29 MP: 3/3
   983 | D:2      | Noticed Terence
   995 | D:2      | Killed Terence
   995 | D:2      | Reached XP level 4. HP: 17/37 MP: 4/4
  1075 | D:2      | Found an iron altar of Okawaru.
  1087 | D:2      | Became a worshipper of Warmaster Okawaru
  1449 | D:2      | Reached XP level 5. HP: 42/42 MP: 5/5
  2723 | D:4      | Reached XP level 6. HP: 36/49 MP: 6/6
  2763 | D:4      | Found a radiant altar of Vehumet.
  2810 | D:4      | Found a staircase to the Ecumenical Temple.
  2819 | D:4      | Reached * piety under Okawaru
  2965 | D:4      | Found Tewnuv's Jewellery Shop.
  2971 | D:4      | Found Eblopha's Food Shoppe.
  3016 | D:4      | Found Fafez's Antique Armour Shoppe.
  3322 | D:5      | Entered Level 5 of the Dungeon
  3361 | D:5      | Noticed an ice beast
  3374 | D:5      | Killed an ice beast
  3374 | D:5      | Reached skill level 2 in Invocations
  3378 | D:5      | Reached skill level 3 in Invocations
  3559 | D:5      | Reached XP level 7. HP: 44/55 MP: 9/9
  3660 | D:5      | Reached skill level 4 in Invocations
  3743 | D:5      | Reached skill level 5 in Invocations
  3976 | D:5      | Reached ** piety under Okawaru
  3976 | D:5      | Reached skill level 6 in Invocations
  4098 | D:6      | Reached XP level 8. HP: 61/61 MP: 10/13
  4100 | D:6      | Reached skill level 7 in Invocations
  4181 | D:6      | Reached skill level 8 in Invocations
  4314 | D:6      | Found a basalt altar of Yredelemnul.
  4314 | D:6      | Noticed Eustachio
  4356 | D:6      | Killed Eustachio
  4356 | D:6      | Reached skill level 9 in Invocations
  4683 | D:7      | Reached skill level 10 in Invocations
  4689 | D:7      | Reached XP level 9. HP: 28/66 MP: 16/16
  4696 | D:7      | Reached *** piety under Okawaru
  5003 | D:7      | Found Itwoidi's Distillery.
  5045 | D:7      | Reached skill level 11 in Invocations
  5080 | D:7      | Bought a potion of heal wounds for 75 gold pieces
  5357 | D:7      | Found a hide-covered altar of Uskayaw.
  5690 | D:7      | Found Kokhaff's Antique Weapon Emporium.
  5753 | D:7      | Found Lipyc's General Store.
  5760 | D:7      | Reached skill level 12 in Invocations
  5969 | D:8      | Reached skill level 5 in Shields
  6000 | D:8      | HP: 2/66 [killer bee (6)]
  6360 | D:8      | Reached **** piety under Okawaru
  6360 | D:8      | Reached skill level 5 in Axes
  6412 | D:8      | Noticed Naow's ghost (novice FoFi)
  6458 | D:8      | Killed Naow's ghost
  6458 | D:8      | Reached skill level 5 in Fighting
  6458 | D:8      | Reached skill level 5 in Armour
  6458 | D:8      | Reached XP level 10. HP: 13/74 MP: 19/19
  6836 | D:8      | Reached ***** piety under Okawaru
  7273 | D:8      | Found a faded altar of an unknown god.
  7273 | D:8      | Found a faded altar of an unknown god.
  7278 | D:8      | Found a faded altar of an unknown god.
  7280 | D:8      | Found a faded altar of an unknown god.
  7282 | D:8      | Found a sacrificial altar of Ru.
  7470 | D:8      | Received a gift from Okawaru
  7644 | D:9      | Reached XP level 11. HP: 72/83 MP: 13/20
  7671 | D:9      | Found a staircase to the Lair.
  8034 | D:9      | Found a blossoming altar of Fedhas.
  8334 | D:9      | Noticed a deep elf mage
  8349 | D:9      | Killed a deep elf mage
  8524 | D:9      | Noticed a deep elf mage
  8533 | D:9      | Killed a deep elf mage
  8921 | D:10     | Entered Level 10 of the Dungeon
  9251 | D:10     | Noticed a wizard
  9267 | D:10     | Killed a wizard
  9307 | D:10     | HP: 4/86 [small abomination (14)]
  9327 | D:9      | Mangled by a small abomination

Vault maps used:
D:1:      shiori_arrival_whats_in_store_for_you
D:2:      overflow_temple_1_default, minmay_tromino_i2, uniq_terence
D:4:      vehumet_altar_wand_db, serial_shops, kennysheep_mini_moat,
          nicolae_shop_waterfront, shop, first_bread
D:6:      yredelemnul_altar_generic, kennysheep_generic_room_10, uniq_eustachio
D:7:      eat_drink_and_be_merry_uskayaw, serial_shops,
          nicolae_shop_competitors_out_of_business, shop, shop
D:8:      chequers_temple_overflow_minitemple
D:9:      fedhas_altar_1, dpeg_lair_monsters, the_bakery, hangedman_minor_magic
D:10:     serial_shops, shop, hangedman_weighted_door, laboratory

Skill      XL: |  1  2  3  4  5  6  7  8  9 10 11 |
---------------+----------------------------------+-----
Shields        | 4 5 7 8 |  8.4
Axes           | 3 4 6 7 9 |  9.2
Fighting       | 4 5 6 7 |  7.8
Armour         | 4 5 6 7 |  7.7
Invocations    | 3 6 10 12 | 12.0

Action                   |  1- 3 |  4- 6 |  7- 9 | 10-12 || total
-------------------------+-------+-------+-------+-------++-------
Melee: War axe           |    92 |   233 |   264 |       ||   589
       Battleaxe         |       |       |   168 |   378 ||   546
Invok: Heroism           |       |     1 |    10 |    13 ||    24
       Finesse           |       |       |       |     3 ||     3
  Use: Scroll            |       |    10 |       |     5 ||    15
       Potion            |       |       |     6 |     3 ||     9
  Eat: Chunk             |       |     7 |    11 |     8 ||    26
       Fruit             |       |     1 |     1 |       ||     2
Armor: Scale mail        |    32 |    93 |       |       ||   125
       Plate armour      |       |    14 |   303 |   160 ||   477
Dodge: Dodged            |    32 |    82 |   191 |   131 ||   436
Block: Shield            |    48 |   136 |   346 |   230 ||   760
